 Dungeon Crawl Stone Soup version 0.28.0 (webtiles) character file.

Game seed: 5843842716982392486

50 AmazingTV the Sneak (level 3, 0/16 HPs)
             Began as a Spriggan Venom Mage on July 5, 2022.
             Slain by an adder (4 damage)
             ... on level 2 of the Dungeon.
             The game lasted 00:05:34 (2051 turns).

AmazingTV the Sneak (Spriggan Venom Mage)           Turns: 2051, Time: 00:05:34

Health: 0/16       AC:  2    Str:  4    XL:     3   Next: 55%
Magic:  5/8        EV: 18    Int: 16    God:
Gold:   101        SH:  0    Dex: 17    Spells: 5/8 levels left

rFire   . . .      SeeInvis +   a - +0 dagger {short}
rCold   . . .      Faith    .   (no shield)
rNeg    . . .      Spirit   .   b - +0 robe
rPois   .          Reflect  .   (helmet restricted)
rElec   .          Harm     .   (no cloak)
rCorr   .          Rampage  .   (gloves unavailable)
Will    .....                   (boots unavailable)
Stlth   +++.......              (no amulet)
HPRegen 0.05/turn               (no ring)
MPRegen 0.11/turn               (no ring)

@: lethally poisoned (0 -> -12), very slightly contaminated, very quick
A: very small, no large weapons, unfitting armour, see invisible, speed 3
a: no special abilities


You were on level 2 of the Dungeon.
You visited 1 branch of the dungeon, and saw 2 of its levels.

You collected 101 gold pieces.


Innate Abilities, Weirdness & Mutations

You are very small and have problems with some larger weapons.
You are too small for most types of armour.
You have supernaturally acute eyesight. (SInv)
You cover ground extremely quickly. (Speed+++)


   Skills:
 + Level 1.5 Short Blades
 + Level 3.2 Dodging
 + Level 3.7 Stealth
 + Level 3.2 Spellcasting
 + Level 2.1 Transmutations
 + Level 3.2 Poison Magic


You had 5 spell levels left.
You knew the following spells:

 Your Spells              Type           Power      Damage    Failure   Level
a - Sting                 Tmut/Pois      44%        1d5       6%          1
b - Poisonous Vapours     Pois/Air       14%        N/A       14%         2

Your spell library contained the following spells:

 Spells                   Type           Power      Damage    Failure   Level
 Shock                    Conj/Air       8%         1d3       19%         1
 Mephitic Cloud           Conj/Pois/Air  6%         N/A       34%         3
 Olgreb's Toxic Radiance  Pois           12%        N/A       43%         4
 Swiftness                Air            2%         N/A       50%         3
 Airstrike                Air            1%         N/A       88%         4

Inventory:

Hand Weapons
 a - a +0 dagger (weapon) {short}
   (You took it off a goblin on level 1 of the Dungeon)
Missiles
 c - 12 bolts
 d - 46 stones
 g - 20 arrows
Armour
 b - a +0 robe (worn)
Wands
 h - a wand of iceblast (2)
   (You found it on level 2 of the Dungeon)
Scrolls
 e - a scroll of brand weapon {unknown}
 i - a scroll of magic mapping {unknown}
Potions
 f - a potion of heal wounds {unknown}

Dungeon Overview and Level Annotations

Branches:
Dungeon (2/15)

Altars:

Shops:
D:1

:!( .......### #.........
.......... #.........
.......... #.........
.#.###... #......... .#.#
#......... ##.#
#.###......... ...#
#.............
.################)........
................@S........
.....................#####
###.#######.########.# #.#
#.# ..# #.# #.# #.#
###[#######.####### .#
...................
########.##.####### #### #
##'######


You could see an adder (poisoned).


Message History

* * * LOW HITPOINT WARNING * * *
😱 HP[-6]
You take 6 damage, and now have 3/16 hp.
MASSIVE DAMAGE!! (PAUSE)
You are too injured to fight recklessly!
You are too injured to fight recklessly!
Aiming: Sting (safe; 6% risk of failure)
Press: ? - help, Q - select action, (/) - cycle Shift-Dir - straight line, f/p - worm
Aim: a worm (severely wounded, 90% to hit)
The sting hits the worm.
The worm is poisoned. 😱 MP[-1]
You lost 1 mp, and now have 6/8 mp. 😱 MP[+1]
Aiming: Sting (safe; 6% risk of failure)
Press: ? - help, Q - select action, (/) - cycle Shift-Dir - straight line, f/p - worm
Aim: a worm (almost dead, poisoned, 90% to hit)
The sting hits the worm but does no damage.
The worm looks even sicker.
You kill the worm! 😱 MP[-1]
You lost 1 mp, and now have 6/8 mp.
You start resting. 😱 HP[+1] MP[+2]
Your mp is fully restored (8).
You start resting. 😎 HP[+12]
Your hp is fully restored (16).
There is a stone staircase leading down here.
Found an escape hatch in the ceiling.
You see here a +0 club {mace}.
You pick up a book of Air and begin reading...
You add the spells Shock, Swiftness and Airstrike to your library.
You open the door.
There is an open door here.
You see here a +0 hand axe {axe}.
h - a wand of iceblast (2)
You now have 101 gold pieces (gained 7).
You open the door.
There is an open door here.
i - a scroll labelled MED COSEIMOFYG
Okay, then.
Memorise Poisonous Vapours, consuming 2 spell levels and leaving 5?
You start memorising the spell.
You continue memorising. x2
You finish memorising.
Spell assigned to 'b'.
d - 46 stones (gained 12)
A goblin comes into view. It is wielding a +0 dagger.
The goblin shouts!
A goblin is nearby!
An adder comes into view.
The sting misses the goblin.
The adder hisses angrily. 😎 MP[-1]
You lost 1 mp, and now have 7/8 mp.
The sting misses the goblin. 😎 MP[-1]
You lost 1 mp, and now have 6/8 mp.
You closely miss the goblin. You hit the goblin.
The goblin hits you with a +0 dagger. 😕 HP[-2]
You take 2 damage, and now have 14/16 hp.
You closely miss the goblin.
The goblin hits you with a +0 dagger. 😮 HP[-3]
You take 3 damage, and now have 11/16 hp.
You are too injured to fight recklessly!
Aiming: Sting (safe; 6% risk of failure)
Press: ? - help, Q - select action, (/) - cycle Shift-Dir - straight line, f/p - goblin
Aim: a goblin, wielding a +0 dagger (severely wounded, 64% to hit)
You miscast Sting.
You are very lightly contaminated with residual magic.
Nothing appears to happen.
The goblin completely misses you. The adder misses you. 😮 MP[-1]
You lost 1 mp, and now have 5/8 mp.
You miss the adder. The adder closely misses you.
The goblin misses you. 😮 HP[+1]
You closely miss the goblin. The adder completely misses you.
The goblin closely misses you. 😮 MP[+1]
You hit the goblin.
You kill the goblin!
The adder closely misses you.
You closely miss the adder. The adder bites you.
* * * LOW HITPOINT WARNING * * *
You are lethally poisoned!
The adder poisons you! The adder bites you.
* * * LOW HITPOINT WARNING * * *
You are more poisoned.
The adder poisons you! 😨 HP[-5]
You take 5 damage, and now have 7/16 hp.
MASSIVE DAMAGE!! (PAUSE)
You are too injured to fight recklessly!
Aiming: Sting (safe; 6% risk of failure)
Press: ? - help, Q - select action, (/) - cycle Shift-Dir - straight line, f - adder
Aim: an adder (53% to hit)
The sting hits the adder.
The adder is poisoned.
* * * LOW HITPOINT WARNING * * *
You feel very sick. The adder bites you.
You die...

Skill      XL: |  1  2 |
---------------+-------+-----
Dodging        | 3 |  3.2
Short Blades   | 1 |  1.5
Spellcasting   | 3 |  3.2
Transmutations | 2 |  2.1
Stealth        | |  3.7
Poison Magic   | |  3.2

Action                   || total
-------------------------++-------
Melee: Dagger            ||    80
       Punch             ||     2
       Unarmed           ||     1
 Cast: Sting             ||    29
 Stab: Sleeping          ||     8
Armor: Robe              ||     9
Dodge: Dodged            ||    65

Levels and vault maps discovered:
D:1:      dpeg_arrival_more_subterranean_lakeside_camping, layout_basic,
          ebering_ecumenical_altar_abandoned, serial_shops, shop_fountains,
          nicolae_shop_advertising_works [nicolae_subvault_shop_adworks], shop
D:2:      layout_basic

Notes
Turn   | Place    | Note
-------+----------+-------------------------------------------
     0 | D:1      | AmazingTV the Spriggan Venom Mage began the quest for the
                  | Orb.
     0 | D:1      | Reached XP level 1. HP: 9/9 MP: 5/5
     0 | D:1      | magus.rc [v1.9.6]
   391 | D:1      | Found Wouwyst's Distillery.
   529 | D:1      | Found Cajynn's Antique Weapon Shop.
   543 | D:1      | Reached XP level 2. HP: 13/13 MP: 6/6
   549 | D:1      | Reached skill level 3 in Dodging
   725 | D:1      | Reached skill level 1 in Short Blades
   749 | D:1      | Reached skill level 3 in Spellcasting
  1153 | D:1      | Reached skill level 2 in Transmutations
  1153 | D:1      | Reached XP level 3. HP: 11/16 MP: 6/8
  1322 | D:1      | Found Ucvoj's Book Shop.
  1423 | D:1      | Found a faded altar of an unknown god.
  1667 | D:2      | HP: 3/16 [worm (6)]
  1995 | D:2      | You pick up a book of Air and begin reading...
  1995 | D:2      | You add the spells Shock, Swiftness and Airstrike to your
                  | library.
  2032 | D:2      | Learned a level 2 spell: Poisonous Vapours
  2051 | D:2      | HP: 4/16 [poisoned by an adder]
  2051 | D:2      | Slain by an adder

Vanquished Creatures
  An adder (D:2)
  A worm (D:2)
  2 dart slugs (D:1)
  5 endoplasms (D:1)
  2 giant cockroaches (D:1)
  2 hobgoblins (D:1)
  A ball python (D:1)
  3 bats (D:1)
  2 frilled lizards (D:1)
  7 goblins
  6 kobolds (D:1)
  A rat (D:1)
33 creatures vanquished.

Table legend:
 A = Non-vault XP
 B = Vault XP
 C = Vault XP percentage of total XP
 D = Non-vault monster count
 E = Vault monster count
 F = Vault count percentage of total count
                 A         B        C        D         E       F
            +---------+---------+-------+---------+---------+-------
      Total |      72 |       0 |   0.0 |      33 |       0 |   0.0
            +---------+---------+-------+---------+---------+-------
        D:1 |      52 |       0 |   0.0 |      30 |       0 |   0.0
        D:2 |      20 |       0 |   0.0 |       3 |       0 |   0.0
            +---------+---------+-------+---------+---------+-------

Illustrated notes

Table legend:
 A = Kills in this place as a percentage of kills in entire the game.
 B = Kills by you in this place as a percentage of kills by you in the entire game.
 C = Kills by friends in this place as a percentage of kills by friends in the entire game.
 D = Other kills in this place as a percentage of other kills in the entire game.
 E = Experience gained in this place as a percentage of experience gained in the entire game.
 F = Experience gained in this place divided by the number of levels of this place that you have seen.
                   A       B       C       D       E      F
               +-------+-------+-------+-------+-------+----------------------
         Total | 100.0 | 100.0 |   N/A |   N/A | 100.0 |  36.0
       Dungeon | 100.0 | 100.0 |   N/A |   N/A | 100.0 |  36.0
               +-------+-------+-------+-------+-------+----------------------

Table legend: (Time is in decaauts)
 A = Elapsed time spent in this place.
 B = Non-inter-level travel time spent in this place.
 C = Inter-level travel time spent in this place.
 D = Time resting spent in this place.
 E = Time spent auto-exploring this place.
 F = Levels seen in this place.
 G = Mean time per level.
                   A        B        C        D        E       F      G
               +--------+--------+--------+--------+--------+-----+--------+
         Total |   1628 |   1597 |     31 |    623 |    743 |   2 |  814.0 |
       Dungeon |   1628 |   1597 |     31 |    623 |    743 |   2 |  814.0 |
               +--------+--------+--------+--------+--------+-----+--------+

Top non-repeatable levels by time:
     D:1: 1202 daAuts
     D:2: 425 daAuts
